 Dungeon Crawl Stone Soup version 0.21.1-1-g345015f (webtiles) character file.

42 inc the Ducker (level 3, 16/16 HPs)
             Began as a Felid Transmuter on Mar 6, 2018.
             Quit the game on level 4 of the Dungeon.
             The game lasted 00:05:18 (3717 turns).

inc the Ducker (Felid Transmuter)                   Turns: 3717, Time: 00:05:18

Health: 16/16      AC:  1    Str: 11    XL:     3   Next: 35%
Magic:  7/7        EV: 19    Int: 19    God:
Gold:   86         SH:  0    Dex: 17    Spells: 3/6 levels left
                                        Lives:  0   Deaths: 1

rFire    . . .     SeeInvis +     - Unarmed
rCold    . . .     Gourm    .   (shield unavailable)
rNeg     . . .     Faith    .   (armour unavailable)
rPois    .         Spirit   .   (helmet unavailable)
rElec    .         Reflect  .   (cloak unavailable)
rCorr    +         Harm     .   (gloves unavailable)
MR       .....                  (boots unavailable)
Stlth    ++........             (no amulet)
HPRegen  0.05/turn              m - ring of resist corrosion
MPRegen  0.10/turn              (no ring)

@: mighty, brilliant, flying, hasted, very quick
A: very small, no armour, no weapons or thrown items, stealth, claws 1, fangs 3,
see invisible, carnivore, speed 1, shaggy fur 1, slow metabolism 1, sharp paws
a: no special abilities


You were on level 4 of the Dungeon.
You were not hungry.

You visited 1 branch of the dungeon, and saw 4 of its levels.

You collected 86 gold pieces.

Inventory:

Missiles
 a - 75 arrows
Jewellery
 m - a ring of resist corrosion (left paw)
Wands
 o - a wand of enslavement (6)
Scrolls
 d - 2 scrolls of remove curse
 g - a scroll of teleportation
 h - a scroll of fog {unknown}
 i - a scroll of amnesia
 j - a scroll of magic mapping {unknown}
 k - a scroll of identify {unknown}
 n - a scroll of blinking {unknown}
Potions
 f - 2 potions of brilliance
 l - a potion of curing
Books
 b - a book of Changes

   Spells                             Type                      Level
   a - Beastly Appendage              Transmutation                1
   b - Sticks to Snakes               Transmutation                2
   c - Spider Form                    Transmutation/Poison         3
   d - Ice Form                       Ice/Transmutation            4
   e - Blade Hands                    Transmutation                5
Comestibles
 c - 4 rations


   Skills:
 - Level 2.0 Fighting
 - Level 4.0 Dodging
 - Level 3.8 Unarmed Combat
 - Level 2.1 Spellcasting
 + Level 2.8 Transmutations


You had 3 spell levels left.
You knew the following spells:

 Your Spells              Type           Power        Failure   Level  Hunger
a - Beastly Appendage     Tmut           ###...       1%          1    #......
b - Sticks to Snakes      Tmut           ###.....     1%          2    ##.....


Dungeon Overview and Level Annotations

Branches:
Dungeon (4/15)
 Temple: D:4-7

Altars:
Kikubaaqudgha


Innate Abilities, Weirdness & Mutations

You cannot wear armour.
You are incapable of wielding weapons or throwing items.
Your paws allow you to move quietly. (Stealth)
You have sharp claws.
You have razor-sharp teeth.
You have supernaturally acute eyesight. (SInv)
You are carnivorous and can eat meat at any time.
You cover ground quickly.
You are covered in fur. (AC +1)
You have a slow metabolism.
Your sharp claws are effective at attacking unaware monsters.


Message History

Your skin glows momentarily.
The hound misses you.
Your ball python barely misses the hound.
Your ball python grabs the hound.
Your ball python constricts the hound.
The hound pauses to sniff the ground.
The hound bites you.
You die...
You are now level 3!
You rejoin the land of the living...
It was a potion of might.
You feel very mighty all of a sudden.
It was a potion of haste.
You feel yourself speed up.
It was a potion of flight.
You feel very buoyant.
You fly up into the air.
It was a potion of brilliance.
You feel clever all of a sudden.
It was a potion of curing.
You feel better.
Autopickup is now off.
Autopickup is now on.
Are you sure you want to abandon this character and quit the game? (Confirm with "yes".)

#########
#........
#@# #.#
#.# #+#


There were no monsters in sight!

Vanquished Creatures
  A worker ant (D:4)
  2 oozes (D:2)
  3 worms (D:2)
  3 dart slugs (D:1)
  2 leopard geckos
  8 bats
  A giant cockroach (D:1)
  5 hobgoblins
  2 jackals
  5 kobolds
  A quokka (D:4)
  4 frilled lizards
  5 goblins
  5 rats
47 creatures vanquished.

Vanquished Creatures (others)
  A frilled lizard (D:4)
1 creature vanquished.

Grand Total: 48 creatures vanquished

Notes
Turn   | Place    | Note
-------+----------+-------------------------------------------
     0 | D:1      | inc the Felid Transmuter began the quest for the Orb.
     0 | D:1      | Reached XP level 1. HP: 9/9 MP: 4/4
    30 | D:1      | Reached skill level 3 in Dodging
    34 | D:1      | Reached XP level 2. HP: 9/12 MP: 6/6
   397 | D:2      | Reached skill level 4 in Dodging
  1391 | D:1      | Reached XP level 3. HP: 9/15 MP: 7/7
  3239 | D:2      | Reached XP level 4. HP: 19/19 MP: 8/8
  3527 | D:4      | Found an ancient bone altar of Kikubaaqudgha.
  3549 | D:4      | Learned a level 2 spell: Sticks to Snakes
  3711 | D:4      | Slain by a hound
  3712 | D:4      | Reached XP level 3. HP: -1/16 MP: 2/7
  3717 | D:4      | Quit the game

Skill      XL: |  1  2  3 |
---------------+----------+-----
Dodging        | 3 4 |  4.0
Fighting       | 2 |  2.0
Unarmed Combat | |  3.8
Spellcasting   | |  2.1
Transmutations | |  2.8

Action                   |  1- 3 |  4- 6 || total
-------------------------+-------+-------++-------
Melee: Unarmed           |   151 |    34 ||   185
       Bite              |    11 |     2 ||    13
       Punch             |     2 |       ||     2
 Cast: Sticks to Snakes  |       |     5 ||     5
  Use: Potion            |     5 |       ||     5
       Scroll            |     2 |     1 ||     3
 Stab: Sleeping          |     6 |     1 ||     7
  Eat: Chunk             |     7 |     3 ||    10
Armor: Skin              |     7 |     4 ||    11
Dodge: Dodged            |   103 |    39 ||   142
